Cogmind - Beta 17.1 @@@ ROGUE MODE // 2026.09.22 @ 14:51:12 Player: Talon Java Result: Self-destructed Performance ------------- Evolutions (3) 1500 Regions Visited (10) 2000 Robots Destroyed (105) 525 Value Destroyed (2755) 2755 Prototype IDs (7) 140 Alien Tech Used (0) 0 Bonus (48) 48 TOTAL SCORE: 6968 Bonus ------- High Alert Combat Kills 48 Cogmind --------- Core Integrity 283/700 Matter 239/300 Energy 100/100 System Corruption 6% Temperature Cool (27) Movement Core (1400) Ox27 Location -7/Factory Parts ------- > --- POWER (1) -------- (None) > --- PROPULSION (4) --- (None) > --- UTILITY (5) ------ Huge Storage Unit Improved Signal Interpreter Advanced Hacking Suite > --- WEAPON (3) ------- Makeshift Spear > --- INVENTORY (25) --- Improved Ion Engine Improved Heat Sink High-capacity Storage Unit Weight Redist. System Machine Analyzer Improved Signal Interpreter Transport Network Coupler Advanced Targeting Computer Core Analyzer Improved Propulsion Shielding Improved Propulsion Shielding Trap Extractor (0/4) Improved Trap Extractor (0/6) Experimental Field Recycling Unit Heavy Particle Cannon Enhanced Autogun Flak Gun Rocket Launcher Remote Datajack Peak State ------------ > --- POWER ------------ Light Deuterium Engine > --- PROPULSION ------- Wheel Armored Wheel Armored Wheel Armored Wheel > --- UTILITY ---------- Huge Storage Unit Improved Sensor Array Experimental Sensor Array Improved Propulsion Shielding > --- WEAPON ----------- Advanced Datajack Makeshift Spear > --- INVENTORY -------- Improved Ion Engine Armored Wheel Improved Heat Sink High-capacity Storage Unit Weight Redist. System Machine Analyzer Transport Network Coupler Advanced Targeting Computer Core Analyzer Improved Propulsion Shielding Improved Propulsion Shielding Improved Propulsion Shielding Hardened Medium Armor Plating Reflective Plating Advanced Hacking Suite Trap Extractor Experimental Field Recycling Unit Heavy Particle Cannon Enhanced Autogun Flak Gun Rocket Launcher Remote Datajack [Rating: 43] Favorites ----------- Power Light Deuterium Engine Engine Light Deuterium Engine Power Core Micro Nuclear Core Propulsion Light Treads Treads Light Treads Leg Aluminum Leg Wheel Armored Wheel Flight Unit Improved VTOL Module Utility High-capacity Storage Unit Device Improved Heat Sink Storage High-capacity Storage Unit Processor Improved Signal Interpreter Hackware System Shield Protection Propulsion Shielding Weapon Heavy Assault Rifle Energy Gun EM Pulse Gun Energy Cannon Heavy Particle Cannon Ballistic Gun Heavy Assault Rifle Launcher Grenade Launcher Slashing Weapon Blade Saw Piercing Weapon Makeshift Spear Special Melee Weapon Advanced Datajack Build | -11 -10 -10 -9 -9 -9 -8 -8 -7 -7 -7 ------- Run | Yrd Mat Min Mat Min Exi Min Mat Fac Was Fac Slots Evolved 6 | . . . 2 . . . 2 2 . . Power . | . . . . . . . . . . . Propulsion 2 | . . . 1 . . . 1 . . . Utility 3 | . . . . . . . 1 2 . . Weapon 1 | . . . 1 . . . . . . . Parts Attached 76 | . 12 . 19 2 . 1 22 5 2 13 Power 6 | . 2 . 3 . . . . . . 1 Engine 5 | . 2 . 3 . . . . . . . Core 1 | . . . . . . . . . . 1 Reactor . | . . . . . . . . . . . Propulsion 23 | . 2 . 6 . . . 10 . 1 4 Treads 12 | . 2 . 3 . . . 7 . . . Leg . | . . . . . . . . . . . Wheel 10 | . . . 3 . . . 2 . 1 4 Hover . | . . . . . . . . . . . Flight 1 | . . . . . . . 1 . . . Utility 22 | . 3 . 2 1 . . 7 2 . 7 Device 8 | . 1 . 1 1 . . 3 1 . 1 Storage 4 | . 2 . 1 . . . 1 . . . Processor 1 | . . . . . . . . . . 1 Hackware 2 | . . . . . . . . 1 . 1 Protection 7 | . . . . . . . 3 . . 4 Artifact . | . . . . . . . . . . . Weapon 25 | . 5 . 8 1 . 1 5 3 1 1 Energy Gun 3 | . 2 . 1 . . . . . . . Energy Cannon 4 | . 1 . 1 1 . . 1 . . . Ballistic Gun 13 | . 1 . 6 . . 1 3 2 . . Ballistic Cannon . | . . . . . . . . . . . Launcher 2 | . 1 . . . . . . . . 1 Special Weapon . | . . . . . . . . . . . Impact Weapon . | . . . . . . . . . . . Slashing Weapon 1 | . . . . . . . 1 . . . Piercing Weapon 1 | . . . . . . . . 1 . . Special Melee Weapon 1 | . . . . . . . . . 1 . Unidentified Prototypes 4 | . . . 1 . . . 2 . . 1 Parts Lost 19 | . . . . 1 . . 1 . . 17 Power 2 | . . . . . . . . . . 2 Propulsion 10 | . . . . . . . 1 . . 9 Utility 5 | . . . . . . . . . . 5 Weapon 2 | . . . . 1 . . . . . 1 Highest Loss Streak 13 | . . . . 1 . . 1 . . 13 To Critical Strikes . | . . . . . . . . . . . Average Backups 17 | . 8 10 17 19 20 19 19 22 20 20 Power 1 | . 1 1 1 1 1 1 1 1 1 1 Propulsion 5 | . 3 4 7 8 8 8 5 5 1 . Utility 5 | . . . 2 3 4 5 8 10 11 13 Weapon 5 | . 3 5 6 7 7 5 4 5 5 4 Tool/Special . | . . . . . . . . . . . Unused Backups 36 | . 11 . 2 1 . 1 7 . 3 11 Power 3 | . 2 . . . . . . . . 1 Propulsion 17 | . 7 . . 1 . . 6 . 3 . Utility 11 | . 1 . . . . . 1 . . 9 Weapon 4 | . 1 . 2 . . 1 . . . . Tool/Special 1 | . . . . . . . . . . 1 Average Slot Usage (%) 97 | . 98 100 99 100 100 100 98 88 92 82 Engine 10 | . 14 14 11 11 11 11 9 7 7 6 Treads 23 | . 25 28 15 33 33 33 30 . . . Wheel 8 | . . . 17 . . . 4 30 30 29 Device 11 | . 12 14 11 11 11 11 12 7 14 3 Storage 10 | . 14 14 11 11 11 11 9 7 7 7 Hackware 1 | . . . . . . . . 6 7 6 Protection 2 | . . . . . . . 4 9 7 12 Energy Cannon 8 | . 10 14 10 10 11 11 8 . . . Ballistic Gun 17 | . 14 13 21 22 22 22 18 14 7 1 Peak Build Rating 43 | . 9 9 22 24 23 24 33 35 39 43 Average Rating 22 | . 8 9 19 22 23 23 29 30 32 35 On Entrance 19 | 6 6 9 9 21 23 23 24 19 33 39 Avg Prop Armor Cover (%) . | . . . . . . . . . . . Naked Turns . | . . . . . . . . . . . Heaviest Build 106 | 14 32 32 58 58 58 58 106 105 95 101 Greatest Support 86 | 20 40 40 62 62 62 62 86 48 52 46 Greatest Overweight (x) 8 | . . . 1 . . . 2 2 1 8 Average Overweight (x) . | . . . . . . . . 1 . 1 Largest Inventory Capacity 25 | . 15 15 20 20 20 20 25 25 25 25 Average Capacity 18 | . 10 15 18 20 20 20 21 25 20 25 Most Carried 25 | . 10 10 20 20 20 20 24 25 25 23 Average Carried 17 | . 8 10 17 19 20 19 19 22 20 20 Final Capacity 25 | 8 15 15 20 20 20 20 25 25 20 25 Final Carried 25 | 6 10 10 20 20 20 20 25 24 20 19 Class Distribution -------------------- 45% | Gunner 32% | Mutant 11% | Scavenger-Gunner 10% | Tank Dominant Class ---------------- Mutant | -10/Materials Mutant | -10/Mines Gunner | -9/Materials Gunner | -9/Mines Gunner | -9/Exiles Gunner | -8/Mines Tank | -8/Materials Mutant | -7/Factory Mutant | -7/Waste Mutant | -7/Factory Resources | -11 -10 -10 -9 -9 -9 -8 -8 -7 -7 -7 ----------- Run | Yrd Mat Min Mat Min Exi Min Mat Fac Was Fac Matter Collected 2382 | 200 266 10 635 116 . 88 655 226 30 156 Remotely . | . . . . . . . . . . . Salvage Created 3633 | . 664 13 1181 320 . 194 1011 101 . 149 Parts 240 | . 42 6 84 22 . 14 54 4 . 14 Haulers Intercepted 10 | . 2 . 4 . . . 4 . . . Recyclers Shooed 1 | . . . . . . . 1 . . . Parts Field Recycled . | . . . . . . . . . . . Retrieved Matter . | . . . . . . . . . . . Parts Self-Destructed . | . . . . . . . . . . . Prevented . | . . . . . . . . . . . Parts Restored . | . . . . . . . . . . . Kills | -11 -10 -10 -9 -9 -9 -8 -8 -7 -7 -7 ------- Run | Yrd Mat Min Mat Min Exi Min Mat Fac Was Fac Combat Hostiles Destroyed 84 | . 13 3 26 10 . 7 19 2 . 4 Melee 2 | . . . . . . . . . . 2 Guns 38 | . 7 . 16 5 . 4 4 2 . . Cannons 26 | . 4 . 7 1 . 3 11 . . . AOE 18 | . 2 3 3 4 . . 4 . . 2 Classes Destroyed 10 | . 6 . 3 . . . 1 . . . Worker 2 | . 1 . . . . . . . . 1 Builder 2 | . 1 . 1 . . . . . . . Tunneler 1 | . . . 1 . . . . . . . Hauler 10 | . 2 . 4 . . . 4 . . . Watcher 6 | . 2 . 2 . . . 1 . . 1 Swarmer 31 | . 3 3 10 4 . 4 4 . . 3 Grunt 39 | . 10 . 8 6 . 2 10 2 . 1 Brawler 1 | . . . . . . . 1 . . . Duelist 2 | . . . 1 . . 1 . . . . Sentry 11 | . . . 7 . . . 4 . . . Best Kill Streak 10 | . 4 3 10 4 . 4 8 1 . 2 Combat Bots Only 7 | . 3 3 4 4 . 4 7 1 . 2 Max Kills in Single Turn 4 | . 2 2 3 4 . 2 2 1 . 1 Gunslinging . | . . . . . . . . . . . Exploded 4 | . 2 2 3 4 . . 2 . . 1 Melee 1 | . . . . . . . . . . 1 Uniques/NPCs Destroyed . | . . . . . . . . . . . Combat | -11 -10 -10 -9 -9 -9 -8 -8 -7 -7 -7 -------- Run | Yrd Mat Min Mat Min Exi Min Mat Fac Was Fac Hostile Shots Fired 537 | . 53 5 94 37 . 29 67 14 . 238 Missed 167 | . 11 2 24 10 . 7 20 3 . 90 Hits 370 | . 42 3 70 27 . 22 47 11 . 148 Melee 1 | . . . . . . 1 . . . . Projectile 369 | . 42 3 70 27 . 21 47 11 . 148 Critical Strikes 11 | . . . . . . 1 5 1 . 4 Actively Blocked 2 | . . . . . . . . . . 2 Damage Taken 4540 | . 506 23 854 328 . 231 627 167 . 1804 Core 887 | . 167 6 141 52 . 48 56 58 . 359 Absorbed by Shields . | . . . . . . . . . . . Redirected to Shielding 264 | . . . . . . . . 10 . 254 Ignored by Resistances 50 | . . . . . . . . . . 50 Core Remaining (%) 64 | 100 . 30 . . . 39 89 . . . Volleys Fired 206 | . 50 2 67 11 . 14 49 8 . 5 Largest 3 | . 2 1 3 3 . 3 3 3 . 1 Hottest 121 | . 88 30 121 121 . 121 121 74 . 33 Shots Fired 528 | . 99 2 182 31 1 43 141 24 . 5 Gun 353 | . 66 . 120 20 1 29 93 24 . . Cannon 162 | . 32 . 61 10 . 14 45 . . . Launcher 13 | . 1 2 1 1 . . 3 . . 5 Special . | . . . . . . . . . . . Kinetic 329 | . 42 . 120 20 1 29 93 24 . . Thermal 162 | . 32 . 61 10 . 14 45 . . . Explosive 13 | . 1 2 1 1 . . 3 . . 5 Electromagnetic 24 | . 24 . . . . . . . . . Robot Hit Streak 13 | . 10 . 10 11 . 7 13 9 . . Robot Miss Streak 6 | . 6 . 5 1 . 4 5 5 . . Penetration Max . | . . . . . . . . . . . Secondary Targets 2 | . 2 . . . . . . . . . Max Gunslinging Chain 1 | . 1 . . . . . . . . . Shots Hit Robots 318 | . 61 . 104 19 . 21 91 13 . 9 Core Hits 159 | . 29 6 46 13 . 12 40 4 . 9 Critical Kills . | . . . . . . . . . . . Critical Parts Destroyed 1 | . . . . . . . 1 . . . Critical Strikes 1 | . . . . . . . 1 . . . Destroy 1 | . . . . . . . 1 . . . Melee Attacks 17 | . . . . . . . 1 1 . 15 Impact . | . . . . . . . . . . . Slashing 1 | . . . . . . . 1 . . . Piercing 16 | . . . . . . . . 1 . 15 Sneak Attacks 3 | . . . . . . . . . . 3 Combat Hostiles . | . . . . . . . . . . . Follow-up Attacks . | . . . . . . . . . . . Damage Inflicted 6744 | . 986 114 1970 484 . 408 2070 191 . 521 Guns 3210 | . 578 . 1127 208 . 259 847 191 . . Cannons 2205 | . 368 . 725 125 . 125 862 . . . Explosions 927 | . 40 105 118 140 . . 352 . . 172 Melee 349 | . . . . . . . . . . 349 Ramming 53 | . . 9 . 11 . 24 9 . . . Kinetic 2991 | . 359 . 1127 208 . 259 847 191 . . Thermal 2205 | . 368 . 725 125 . 125 862 . . . Explosive 927 | . 40 105 118 140 . . 352 . . 172 Electromagnetic 219 | . 219 . . . . . . . . . Impact . | . . . . . . . . . . . Slashing . | . . . . . . . . . . . Piercing 349 | . . . . . . . . . . 349 Highest Corruption 6 | . . . 1 1 1 1 1 . . 6 Average Corruption 1 | . . . 1 1 1 1 1 . . 3 Corruption Purged . | . . . . . . . . . . . Corruption Blocked . | . . . . . . . . . . . Effects 27 | . . . 1 5 6 5 5 . . 5 Message Errors 7 | . . . 1 3 1 . 2 . . . Matter Fused 10 | . . . . 1 2 1 3 . . 3 Heat Flow Errors 1 | . . . . . . . . . . 1 Energy Discharges 3 | . . . . 1 1 1 . . . . Data Loss (minor) 2 | . . . . . . 2 . . . . Data Loss (major) 1 | . . . . . 1 . . . . . Misfires 2 | . . . . . 1 1 . . . . Alerts 1 | . . . . . . . . . . 1 Overload Shots . | . . . . . . . . . . . Overflow Damage 71 | . 3 . 38 . . . . . . 30 Projectiles 26 | . 3 . 23 . . . . . . . Explosions 25 | . . . 15 . . . . . . 10 Melee 20 | . . . . . . . . . . 20 Knockbacks . | . . . . . . . . . . . Impact . | . . . . . . . . . . . Kinetic . | . . . . . . . . . . . Secondary . | . . . . . . . . . . . Self-Inflicted Damage 31 | . 31 . . . . . . . . . Shots 1 | . 1 . . . . . . . . . Rammed 7 | . . 1 . 2 . 3 1 . . . Targets Rammed 7 | . . 1 . 2 . 3 1 . . . Kicked . | . . . . . . . . . . . Crushed . | . . . . . . . . . . . Highest Temperature 218 | . 33 . 218 161 . 63 54 45 . 129 Average Temperature 38 | . 13 . 55 76 . 19 18 16 . 40 Received Heat Transfer 1689 | . 186 . 231 174 . 45 342 117 . 594 Siege Activations . | . . . . . . . . . . . Martial Activations . | . . . . . . . . . . . Shielding Activations . | . . . . . . . . . . . Robots Disrupted . | . . . . . . . . . . . Combat Hostiles . | . . . . . . . . . . . Robots Corrupted 1 | . 1 . . . . . . . . . Combat Hostiles . | . . . . . . . . . . . Parts Fried 4 | . 4 . . . . . . . . . Impact Corruptions . | . . . . . . . . . . . Robots Melted . | . . . . . . . . . . . Combat Hostiles . | . . . . . . . . . . . Parts Melted 2 | . 1 . . . . . 1 . . . Heat Transferred 3367 | . 666 . 1073 185 . 185 1258 . . . Parts Sabotaged . | . . . . . . . . . . . Parts Stolen . | . . . . . . . . . . . Parts Stripped . | . . . . . . . . . . . Power Chain Reactions . | . . . . . . . . . . . Alert | -11 -10 -10 -9 -9 -9 -8 -8 -7 -7 -7 ------- Run | Yrd Mat Min Mat Min Exi Min Mat Fac Was Fac Maximum Alert Level 2 | . . . 2 1 . . 1 . . . Low Security (%) 82 | . 100 100 37 48 . 100 94 100 100 100 Level 1 12 | . . . 30 51 . . 5 . . . Level 2 5 | . . . 32 . . . . . . . Level 3 . | . . . . . . . . . . . Level 4 . | . . . . . . . . . . . Level 5 . | . . . . . . . . . . . High Security . | . . . . . . . . . . . Max Security . | . . . . . . . . . . . Peak Influence 446 | . 136 114 446 343 . 86 215 118 7 79 Initial 169 | . . 33 . 169 . . . 73 7 . Average 109 | . 51 36 268 199 . 17 122 74 . 18 Influence Increases 2835 | . 464 81 833 274 . 169 665 154 . 195 Destroy 0b10 Robot/C 1680 | . 260 60 520 200 . 140 380 40 . 80 Destroy 0b10 Robot/NC 105 | . 30 . 40 . . . 25 . . 10 Destroy Leader 372 | . 58 10 132 30 . 20 90 10 . 22 Successful Hack 102 | . 18 . 23 . . . 9 28 . 24 Select Force Hacks 150 | . 60 . 30 . . . 60 . . . Disable Machine 60 | . 30 . . . . . 30 . . . Destroy Structure 141 | . 8 11 43 14 . 9 26 1 . 29 Partial Spotted 15 | . . . . . . . . 15 . . Lose Combat Pursuer 210 | . . . 45 30 . . 45 60 . 30 Influence Decreases 2835 | . 378 167 398 658 51 169 503 295 21 195 Entered New Map 473 | . . 53 . 266 51 . . 89 14 . Time Decay 2247 | . 378 114 398 362 . 169 498 206 7 115 Lost Part 95 | . . . . 10 . . 5 . . 80 Lost Ally 20 | . . . . 20 . . . . . . Squads Dispatched 16 | . 2 . 2 1 . . 2 7 . 2 Investigation 7 | . 2 . 1 . . . 2 2 . . Extermination 2 | . . . . . . . . 1 . 1 Reinforcement 3 | . . . 1 . . . . 1 . 1 Assault 1 | . . . . 1 . . . . . . Garrison 3 | . . . . . . . . 3 . . Intercept . | . . . . . . . . . . . Searches Triggered . | . . . . . . . . . . . Construction Impeded . | . . . . . . . . . . . Haulers Reinforced 1 | . . . . . . . . . . 1 Active Scanning Responses . | . . . . . . . . . . . Cargo Convoy Interrupts . | . . . . . . . . . . . Stealth | -11 -10 -10 -9 -9 -9 -8 -8 -7 -7 -7 --------- Run | Yrd Mat Min Mat Min Exi Min Mat Fac Was Fac Distress Signals 6 | . . . 3 . . . 2 . . 1 Communications Jammed . | . . . . . . . . . . . Distress Signals . | . . . . . . . . . . . Times Spotted 128 | . 16 5 35 10 . 7 30 7 1 17 Peak Tracking Total 8 | . 4 3 6 5 . 4 8 3 1 8 Tactical Retreats 10 | . . . 3 1 . . 1 2 1 2 Traps | -11 -10 -10 -9 -9 -9 -8 -8 -7 -7 -7 ------- Run | Yrd Mat Min Mat Min Exi Min Mat Fac Was Fac Traps Triggered 9 | . 1 . 3 . . . 1 2 . 2 Indirectly . | . . . . . . . . . . . Trap Hack Attempts . | . . . . . . . . . . . Triggered . | . . . . . . . . . . . Disarmed . | . . . . . . . . . . . Reprogrammed . | . . . . . . . . . . . Reused . | . . . . . . . . . . . Traps Extracted . | . . . . . . . . . . . Installed . | . . . . . . . . . . . Triggered . | . . . . . . . . . . . Machines | -11 -10 -10 -9 -9 -9 -8 -8 -7 -7 -7 ---------- Run | Yrd Mat Min Mat Min Exi Min Mat Fac Was Fac Machines Disabled 4 | . 2 . . . . . 2 . . . Max in Single Turn 1 | . 1 . . . . . 1 . . . Machines Repaired . | . . . . . . . . . . . Machines Dismantled . | . . . . . . . . . . . Machines Sabotaged . | . . . . . . . . . . . Overloaded Fab Kills . | . . . . . . . . . . . Hacking | -11 -10 -10 -9 -9 -9 -8 -8 -7 -7 -7 --------- Run | Yrd Mat Min Mat Min Exi Min Mat Fac Was Fac Machines Accessed 29 | . 7 . 7 . 4 . 8 2 . 1 Terminals 18 | . 5 . 5 . . . 5 2 . 1 Fabricators . | . . . . . . . . . . . Repair Stations . | . . . . . . . . . . . Recycling Units 4 | . 2 . 1 . . . 1 . . . Scanalyzers 3 | . . . 1 . . . 2 . . . Garrison Access . | . . . . . . . . . . . Total Hacks 65 | . 17 . 16 . 4 . 18 8 . 2 Successful 35 | . 11 . 6 . 4 . 10 3 . 1 Failed 30 | . 6 . 10 . . . 8 5 . 1 Catastrophic 3 | . . . . . . . 1 2 . . Database Lockouts . | . . . . . . . . . . . Manual 39 | . 15 . 14 . . . 8 1 . 1 Terminals 50 | . 15 . 13 . . . 12 8 . 2 Fabricators . | . . . . . . . . . . . Repair Stations . | . . . . . . . . . . . Recycling Units 5 | . 2 . 1 . . . 2 . . . Scanalyzers 6 | . . . 2 . . . 4 . . . Garrison Access . | . . . . . . . . . . . Terminal Hacks 19 | . 6 . 1 . 4 . 5 2 . 1 Record 4 | . . . . . 4 . . . . . Part Schematic 6 | . 4 . 1 . . . 1 . . . Prototype ID Bank 2 | . 1 . . . . . 1 . . . Branch Access Points 2 | . . . . . . . 1 . . 1 Locate Traps 4 | . 1 . . . . . 2 1 . . Zone Layout 1 | . . . . . . . . 1 . . Fabricator Hacks . | . . . . . . . . . . . Repair Station Hacks . | . . . . . . . . . . . Recycling Unit Hacks . | . . . . . . . . . . . Scanalyzer 4 | . . . 2 . . . 2 . . . Insert Component 1 | . . . 1 . . . . . . . Analyze 1 | . . . 1 . . . . . . . Retrieve Study 2 | . . . . . . . 2 . . . Garrison Access Hacks . | . . . . . . . . . . . Unauthorized Hacks 12 | . 5 . 3 . . . 3 1 . . Terminals 7 | . 3 . 2 . . . 1 1 . . Botnet 6 | . 2 . 2 . . . 1 1 . . Operators 1 | . 1 . . . . . . . . . Fabricators . | . . . . . . . . . . . Repair Stations . | . . . . . . . . . . . Recycling Units 4 | . 2 . 1 . . . 1 . . . Tunnel 4 | . 2 . 1 . . . 1 . . . Scanalyzers 1 | . . . . . . . 1 . . . Extract 1 | . . . . . . . 1 . . . Garrison Access . | . . . . . . . . . . . Data Cores Recovered . | . . . . . . . . . . . Used . | . . . . . . . . . . . Hacking Detections 19 | . 4 . 6 . . . 6 2 . 1 Full Trace Events 1 | . . . . . . . . 1 . . Feedback Events . | . . . . . . . . . . . Feedback Blocked . | . . . . . . . . . . . Robot Schematics Acquired . | . . . . . . . . . . . Robots Built . | . . . . . . . . . . . Authchips . | . . . . . . . . . . . Time . | . . . . . . . . . . . Total Robot Build Rating . | . . . . . . . . . . . Part Schematics Acquired 11 | . 4 . 2 . . . 5 . . . Parts Built . | . . . . . . . . . . . Authchips . | . . . . . . . . . . . Time . | . . . . . . . . . . . Total Part Build Rating . | . . . . . . . . . . . Part Studies Acquired 2 | . . . . . . . 2 . . . Parts Repaired . | . . . . . . . . . . . Time . | . . . . . . . . . . . Parts Recycled . | . . . . . . . . . . . Recycled Matter . | . . . . . . . . . . . Retrieved Matter . | . . . . . . . . . . . Retrieved Components . | . . . . . . . . . . . Parts Scanalyzed 1 | . . . 1 . . . . . . . Part Schematics Acquired 1 | . . . 1 . . . . . . . Parts Damaged . | . . . . . . . . . . . Bothacking | -11 -10 -10 -9 -9 -9 -8 -8 -7 -7 -7 ------------ Run | Yrd Mat Min Mat Min Exi Min Mat Fac Was Fac Used RIF Installer . | . . . . . . . . . . . Robots Hacked . | . . . . . . . . . . . Non-combat . | . . . . . . . . . . . Combat . | . . . . . . . . . . . Robot Hacks Applied . | . . . . . . . . . . . Relay Couplers Released . | . . . . . . . . . . . Fabnet Peak Effective % . | . . . . . . . . . . . Robots Rewired . | . . . . . . . . . . . Allies Hacked . | . . . . . . . . . . . Hacks Repelled . | . . . . . . . . . . . Allies | -11 -10 -10 -9 -9 -9 -8 -8 -7 -7 -7 -------- Run | Yrd Mat Min Mat Min Exi Min Mat Fac Was Fac Total Allies 1 | . . . . 1 . . . . . . Largest Group 1 | . . . . 1 . . . . . . Highest-Rated Group 31 | . . . . 31 . . . . . . Highest-Rated Ally 31 | . . . . 31 . . . . . . Total Orders . | . . . . . . . . . . . Ally Attacks 4 | . . . . 4 . . . . . . Total Damage 22 | . . . . 22 . . . . . . Kills . | . . . . . . . . . . . Allies Corrupted . | . . . . . . . . . . . Allies Melted . | . . . . . . . . . . . Intel | -11 -10 -10 -9 -9 -9 -8 -8 -7 -7 -7 ------- Run | Yrd Mat Min Mat Min Exi Min Mat Fac Was Fac Active Infowar (turns) 933 | . . . . . . . . 429 291 213 Sensors 933 | . . . . . . . . 429 291 213 Robot Analysis Total . | . . . . . . . . . . . Derelict Logs Recovered 2 | . . 1 . 1 . . . . . . Drone Launches . | . . . . . . . . . . . Drone Recoveries . | . . . . . . . . . . . Exploration | -11 -10 -10 -9 -9 -9 -8 -8 -7 -7 -7 ------------- Run | Yrd Mat Min Mat Min Exi Min Mat Fac Was Fac Turns Passed 7468 | . 1054 377 1051 836 749 905 1332 429 291 444 Spaces Moved 4656 | 1 542 226 570 500 484 545 723 376 340 349 Core . | . . . . . . . . . . . Treads 3054 | . 469 226 255 500 484 545 575 . . . Legs 74 | 1 73 . . . . . . . . . Wheels 1528 | . . . 315 . . . 148 376 340 349 Hover . | . . . . . . . . . . . Flight . | . . . . . . . . . . . Fastest Speed 77 | 120 120 160 90 155 155 155 95 95 77 92 Average Speed 136 | 120 154 160 126 155 155 155 145 99 77 100 Slowest Speed 228 | 120 160 160 160 155 155 155 228 110 95 190 Overloaded Moves . | . . . . . . . . . . . Propulsion Burnouts . | . . . . . . . . . . . Robots Hopped . | . . . . . . . . . . . Potential Cave-ins . | . . . . . . . . . . . Cave-ins Triggered . | . . . . . . . . . . . Exploration Rate (%) 55 | 2 80 37 63 74 91 95 58 14 89 10 Regions Visited 10 Branch Regions 4 Pre-discovered Areas 5 | . 2 1 1 . . . 1 . . . Known Exits Taken . | . . . . . . . . . . . Unknown Exits Taken 8 | 1 1 1 1 1 1 1 1 . . . Scrap Searched 2 | . . . . 1 . 1 . . . . Spaces Dug 4 | . . . 3 . . . . 1 . . Terrain Destroyed 148 | . 9 11 36 15 . 9 29 1 . 38 Melee 1 | . . . . . . . . 1 . . Projectile 48 | . 1 . 27 5 . 9 6 . . . AOE 99 | . 8 11 9 10 . . 23 . . 38 Terrain Rammed . | . . . . . . . . . . . Walls Destroyed . | . . . . . . . . . . . Machines Disabled . | . . . . . . . . . . . Actions | -11 -10 -10 -9 -9 -9 -8 -8 -7 -7 -7 --------- Run | Yrd Mat Min Mat Min Exi Min Mat Fac Was Fac Total 5352 | . 662 238 764 536 483 573 894 414 369 419 Wait 190 | . 29 8 60 14 . 7 32 11 17 12 Move 4647 | . 541 225 569 499 483 544 722 376 339 349 Hop . | . . . . . . . . . . . Pick Up 77 | . 14 . 23 3 . 2 19 5 2 9 Fast Attach 27 | . 2 . 5 . . . 10 1 1 8 Attach 28 | . 1 . 6 1 . . 2 7 1 10 Detach 15 | . . . 3 . . . 4 3 1 4 Swap 60 | . 10 2 13 3 . 1 26 . 2 3 Drop 78 | . 15 . 18 3 . 2 28 2 6 4 Fire 206 | . 50 2 67 11 . 14 49 8 . 5 Melee 17 | . . . . . . . 1 1 . 15 Ram . | . . . . . . . . . . . Kick . | . . . . . . . . . . . Crush 7 | . . 1 . 2 . 3 1 . . . Escape Stasis . | . . . . . . . . . . . Rewire . | . . . . . . . . . . . Trap . | . . . . . . . . . . . Miscellaneous . | . . . . . . . . . . . Route ------- -11/Scrapyard -10/Materials (discovered 4 exits: *Mat x2 / [*Min x2]) -10/Mines -9/Materials (discovered 3 exits: *Mat / [*Min x2]) -9/Mines (discovered 4 exits: *Mat x2 / *Exi / [*Zio]) -9/Exiles -8/Mines (discovered 2 exits: *Mat x2) -8/Materials (discovered 2 exits: *Fac / *Sto) -7/Factory -7/Waste -7/Factory (discovered 2 exits: Low x2) History --------- Turn | Location | Event 1 | -11/Scrapyard | Discovered new exit (range 0) 1 | -11/Scrapyard | Entered Materials 314 | -10/Materials | Build established: Mutant 365 | -10/Materials | Discovered new exit (range 7) 421 | -10/Materials | Discovered new exit (range 16) 549 | -10/Materials | Discovered new exit (range 13) 755 | -10/Materials | Core integrity fell below 50% 802 | -10/Materials | Discovered new exit (range 15) 1055 | -10/Materials | Entered Mines 1069 | -10/Mines | Met a Derelict bent on vengeance 1232 | -10/Mines | Assembled infested the area 1237 | -10/Mines | Assisted by a Guerilla fighting off Assembled 1310 | -10/Mines | Discovered new exit (range 15) 1432 | -10/Mines | Entered Materials 1432 | -9/Materials | Evolved 2 slots: Propulsion x1, Weapon x1 1731 | -9/Materials | Build established: Gunner 1918 | -9/Materials | Discovered new exit (range 12) 2150 | -9/Materials | Discovered new exit (range 15) 2404 | -9/Materials | Discovered new exit (range 9) 2419 | -9/Materials | Build established: Scavenger-Gunner 2483 | -9/Materials | Entered Mines 2484 | -9/Mines | Met a Derelict testing a Signal Generator 2687 | -9/Mines | Found a Scrap Suit stashed away for nefarious purposes 2707 | -9/Mines | Deemed a non-threat by the Exiles lab entrance 2752 | -9/Mines | Learned Materials emergency access door positions 2760 | -9/Mines | Found a damaged Exp. Sensor Array with a note attached 2763 | -9/Mines | Found Prototype Device 2878 | -9/Mines | A Derelict revealed a hidden shortcut to a safe place 2917 | -9/Mines | Build established: Gunner 2947 | -9/Mines | A weapon hastily lodged in a ceiling crevice suddenly fell to the ground 3053 | -9/Mines | Discovered new exit (range 8) 3088 | -9/Mines | Discovered new exit (range 5) 3311 | -9/Mines | Discovered new exit (range 5) 3319 | -9/Mines | Entered Exiles 3319 | -9/Exiles | Found Exiles lab abandoned 4056 | -9/Exiles | Discovered new exit (range 10) 4068 | -9/Exiles | Entered Mines 4127 | -8/Mines | Core integrity fell below 50% 4265 | -8/Mines | Discovered new exit (range 7) 4457 | -8/Mines | Discovered new exit (range 14) 4973 | -8/Mines | Entered Materials 4973 | -8/Materials | Evolved 2 slots: Propulsion x1, Utility x1 5340 | -8/Materials | Destroyed 7 combat bots 5391 | -8/Materials | Build established: Scavenger-Gunner 5580 | -8/Materials | Discovered new exit (range 4) 5747 | -8/Materials | Discovered new exit (range 5) 5823 | -8/Materials | Identified exit to Storage 6000 | -8/Materials | Build established: Tank 6305 | -8/Materials | Entered Factory 6305 | -7/Factory | Evolved 2 slots: Utility x2 6444 | -7/Factory | Garrison activated, responded to threat 6481 | -7/Factory | Allied Derelicts emerged from ambush trap array 6733 | -7/Factory | P-60 Hacker assimilated allied BS-EEL(g) 6734 | -7/Factory | Sucked down chute 6734 | -7/Factory | Entered Waste 6734 | -7/Waste | The area was eerily silent 6812 | -7/Waste | Discovered new exit (range 15) 6844 | -7/Waste | A Compactor rumbled back to life 6844 | -7/Waste | Spotted C-40 Crusher 6864 | -7/Waste | Build established: Mutant 7025 | -7/Waste | Entered Factory 7117 | -7/Factory | Identified Exp. Sensor Array 7147 | -7/Factory | Identified exit to Lower Caves 7392 | -7/Factory | Lost 3 parts (3u) 7465 | -7/Factory | Core integrity fell below 50% 7469 | -7/Factory | Self-destructed Last Messages --------------- 07441_ Acquired Mic. Nuclear Core. 07445_ Slug penetrates Wall. 07448_ K-01 Serf destroyed. 07450_ Acquired Wheel+. 07450_ Arm. Wheel+ destroyed. 07453_ Slug penetrates Wall. 07453_ Wheel+ destroyed. 07454_ System corrupted: IFF burst signal emitted. 07455_ Arm. Wheel+ destroyed. 07456_ Acquired Wheel+. 07456_ K-01 Serf collects debris. 07458_ Arm. Wheel+ destroyed. 07459_ K-01 Serf collects debris. 07461_ K-01 Serf destroyed. 07461_ Wheel+ destroyed. 07465_ Acquired Wheel+. 07467_ Wheel+ destroyed. 07469_ Mic. Nuclear Core destroyed. 07469_ Wheel+ destroyed. Map ----- +----------------------------------------------------+ | ?????????????????????????????????????????????????? | | ?????????????????????????????????????????????????? | | ?????????????????????????????????????????????????? | | ?????????????????????????????????????????????????? | | ?????????????????????????????????????????????????? | | ?????????????????????????????????????????????????? | | ?????????????????????????????????????????????????? | | ?????????????????????????????????????????????????? | | ?????????????????????????????????????????????????? | | ?????????????????????????????????????????????????? | | ?????????????????????????????????????????????????? | | ?????????????????????????????????????????????????? | | ???????????????>?????????????????????????????????? | | ?????????????????????????????????????????????????? | | ?????????????????????????????????????????????????? | | ?????????????????????????????????????????????????? | | ?????????????????????????????????????????????????? | | ?????????????????????????????????????????????????? | | ?????????????#???????????????????????????????????? | | ?????????????# ?????????????????????????????????? | | ??????????????? ???????????????????????????????? | | ????????????????? #######+######????????????????? | | ??????????????????? ?????????????????? | | ????????????????????? ???????????????????? | | ??????????????????????? Y ?????????????????????? | | ????????????????????????#@#??????????????????????? | | ??????????????????????###/##########?????????????? | | ??????????????????????# %= =#?????????????? | | ??????????????????????# !** #?????????????? | | ??????????????????????# % #?????????????? | | ??????????????????????# #?????????????? | | ??????????????????????# = #?????????????? | | ??????????????????????# #?????????????? | | ??????????????????????# / ????????????? | | ??????????????????????# [ !![# ???????????? | | ??????????????????????# g !![#?S???????????? | | ??????????????????????# g ![ #?????????????? | | ??????????????????????# #?????????????? | | ??????????????????????# Yh #?????????????? | | ??????????????????????#######/####+####??????????? | | ??????????????????????????# ???? | | ??????????????????????????# ##+####??????????? | | ??????????????????????????# #????????????????? | | ???????????????????????#### #????????????????? | | ???????????????????????# #????????????????? | | ???????????????????????# #????????????????? | | ???????????????????##### ########?????????? | | ####???????????????+ ^ #?????????? | | #???????????????#####+## #?????????? | | ##########+###?????????# """"" ! #???####### | +----------------------------------------------------+ Best States ------------- Heat Dissipation 59 Energy Generation 15 Energy Capacity 250 Matter Stores 300 Matter Capacity 300 Sight Range 16 Robot Scan Range 15 Terrain Scan Density 10 Additional Mass Support 6 Armor Coverage 375 Resistance: TH 10 Propulsion Shielding 66 Evasion (%) 55 Recoil Reduction 4 Particle Charging 15 Offensive Hacking 14 Defensive Hacking 10 Item Schematics ----------------- Heat Sink | -10/Materials | Hacked Sml. Laser | -10/Materials | Hacked Hcp. Storage Unit | -10/Materials | Hacked Lgt. Armor Plating | -10/Materials | Hacked Arm. Wheel | -9/Materials | Scanalyzed Wheel | -9/Materials | Hacked Signal Interpreter | -8/Materials | Hacked Shotgun | -8/Materials | Extracted Imp. Flight Unit | -8/Materials | Extracted Flak Cannon | -8/Materials | Extracted Assault Cannon | -8/Materials | Extracted Robot Schematics ------------------ None Fabricated ------------ Nothing Repaired ---------- Nothing Studied --------- Arm. Wheel | -8/Materials | Hacked Wheel | -8/Materials | Hacked Alien Tech Used ----------------- None Achievements -------------- None Challenges ------------ None Game ------ Seed ReflexExpertChip Manual? 0 Play Time 01:23:54 Cumulative 314.8 hours Start 2026.09.22 @ 12:53:33 End 2026.09.22 @ 14:51:12 Sessions 1 Manual Loads 0 Difficulty Rogue Special Mode None Game No. 143 Rogue 143 Adventurer 0 Explorer 0 Win Type - Total 3 Types 3/0/0/0/0/0/0/0/0/0 Lore% 58 Gallery% 61 Achievement% 50 Wizard Run 0 Options --------- Layout 2 ASCII 0 Keyboard 0 Movement Mouse Keybinds 1 Fullscreen 1 Font 32/Terminus Map View 50x44 Zoom Use 0% Tactical HUD 1 Map Filters NONE Filters NONE Steam 1 RUN: d21f972e-1809-45e2-a69a-8d4373eb3f6b